 Dungeon Crawl Stone Soup version 0.30.1 (webtiles) character file.

Game seed: 6831791619301471373

6274 bencef the Unseen (level 10, -3/44 HPs)
             Began as a Felid Delver on July 11, 2023.
             Was an Elder of Wu Jian.
             Killed by divine providence
             ... invoked by an orc high priest
              (9 damage)
             ... on level 2 of the Orcish Mines.
             The game lasted 02:01:00 (17096 turns).

bencef the Unseen (Felid Delver)                   Turns: 17096, Time: 02:01:01

Health: -3/44      AC:  6    Str:  8      XL:     10   Next: 63%
Magic:  0/11       EV: 26    Int: 12 (13) God:    Wu Jian [****..]
Gold:   209        SH:  0    Dex: 23      Spells: 7/9 levels left
                                        Lives:  0   Deaths: 2

rFire   x .          .
                       - Unarmed
rCold   . . .        (shield unavailable)
rNeg    . . .        (body armour unavailable)
rPois   .            (helmet unavailable)
rElec   .            (cloak unavailable)
rCorr   .            (gloves unavailable)
SInv    +            (boots unavailable)
Will    +....        v - amulet "Wetheb" {Spirit Dex+2}
Stlth   ++++++++     g - ring "Oriruasil" {AC+4 Stlth+}
HPRegen 0.27/turn    f - ring of wizardry
MPRegen 0.12/turn

%: guardian spirit, wizardry (x1)
@: quick
A: very small, claws 1, fangs 3, see invisible, speed 1, shaggy fur 2, stealthy
paws, no weapons or thrown items, no armour, multi-lived, heat vulnerability 1
a: Renounce Religion, Wall Jump, Serpent's Lash


You were on level 2 of the Orcish Mines.
You worshipped Wu Jian.
Wu Jian was greatly pleased with you.
You visited 3 branches of the dungeon, and saw 15 of its levels.
You also visited: Bailey.

You collected 1118 gold pieces.
You spent 909 gold pieces at shops.

Inventory:

Jewellery
 c - an amulet of the acrobat
 f - a ring of wizardry (right paw)
 g - the ring "Oriruasil" (left paw) {AC+4 Stlth+}
   (You bought it in a shop on level 2 of the Orcish Mines)

   [ring of protection]

   AC:        It affects your AC (+4).
   Stlth:     It makes you more stealthy.
 i - a +6 ring of intelligence
 m - a ring of willpower
 q - a +6 ring of strength
 s - an amulet of reflection
 v - the amulet "Wetheb" (around neck) {Spirit Dex+2}
   (You acquired it on level 9 of the Dungeon)

   [amulet of guardian spirit]

   It causes incoming damage to be divided between your reserves of health and
   magic.
   Dex:       It affects your dexterity (+2).
Wands
 e - a wand of digging (3)
Scrolls
 a - 3 scrolls of fog
 b - 6 scrolls of magic mapping
 u - a scroll of fear
Potions
 d - a potion of berserk rage {unknown}
 h - 2 potions of resistance
 j - a potion of cancellation {unknown}
 l - 2 potions of brilliance
 n - a potion of lignification
 o - 4 potions of magic
 p - 4 potions of flight
 r - 2 potions of attraction
 z - a potion of curing
Miscellaneous
 x - a box of beasts


   Skills:
 + Level 5.4 Fighting
 + Level 10.0 Dodging
 + Level 16.8 Stealth
 + Level 14.2 Unarmed Combat
 * Level 6.3 Hexes
 + Level 1.9 Evocations


You had 7 spell levels left.
You knew the following spells:

 Your Spells              Type           Power      Damage    Failure   Level
a - Ensorcelled Hibernat  Hex/Ice        14%        N/A       6%          2

Your spell library contained the following spells:

 Spells                   Type           Power      Damage    Failure   Level
 Anguish                  Hex/Necr       3%         N/A       32%         4
 Spider Form              Tmut/Pois      0%         N/A       36%         3
 Silence                  Hex/Air        3%         N/A       65%         5
 Passage of Golubria      Tloc           0%         N/A       75%         4
 Lehudib's Crystal Spear  Conj/Erth      0%         10d2      100%        8


Dungeon Overview and Level Annotations

Branches:
Dungeon (12/15)            Temple (1/1) D:5            Lair (0/5) D:11
    Orc (2/2) D:11         Bailey (visited)
    Elf: Orc:2

Altars:
Ashenzari
Cheibriados
Dithmenos
Elyvilon
Fedhas
Gozag
Hepliaklqana
Kikubaaqudgha
Makhleb
Nemelex Xobeh
Okawaru
Qazlal
Ru
Sif Muna
Trog
Uskayaw
Vehumet
Wu Jian
Xom
Yredelemnul
Zin
The Shining One
Lugonu

Shops:
D:9 =   D:10 =   D:11 [   Orc:2 =

Portals:
Trove: D:10 (give 8 scrolls of fog)

Annotations:
D:6 1 runed translucent door, exclusion: door, H0rd4k's ghost, novice OpAr
D:11 exclusion: oklob plant


Innate Abilities, Weirdness & Mutations

You have sharp claws.
You have razor-sharp teeth.
You have supernaturally acute eyesight. (SInv)
You cover ground quickly. (Speed+)
You are covered in thick fur. (AC +2)
Your paws help you pounce on unaware monsters.
You are incapable of wielding weapons or throwing items.
You cannot wear armour.
You gain extra lives every three experience levels.
You are vulnerable to heat. (rF-)


Message History

You scratch the orc sorcerer but do no damage.
You bite the orc sorcerer.
The orc sorcerer is almost dead.
The orc sorcerer completely misses you.
You closely miss the orc sorcerer.
The orc sorcerer is almost dead.
The neqoxec gestures at you.
Something tries to feed on your intellect!
You scratch the orc sorcerer but do no damage.
You claw the orc sorcerer, but do no damage.
The orc sorcerer is almost dead.
An orc warrior comes into view. It is wielding a +0 scimitar.
The orc high priest invokes the aid of Beogh against you.
Beogh smites you!
* * * LOW HITPOINT WARNING * * *
The orc sorcerer hits you with a +0 dagger.
* * * LOW HITPOINT WARNING * * *
You spin and attack the orc sorcerer.
You claw the orc sorcerer!
You kill the orc sorcerer!
The Council accepts your kill.
Your Dodging skill increases to level 10!
The neqoxec gestures at you.
You feel dopey. Something feeds on your intellect! The neqoxec gestures at you.
Something tries to feed on your intellect!
Okay, then.
The neqoxec gestures at you.
Something tries to feed on your intellect!
You claw the orc wizard!
The orc wizard is severely wounded.
The neqoxec gestures at you.
Strange energies course through your body.
You feel vulnerable to heat.
You scratch the orc wizard.
You kill the orc wizard!
The Council accepts your kill.
The orc high priest mumbles some strange prayers to Beogh against you.
Beogh smites you!
You die...

................3......##
...#..........#..###....#
..#...............####.##
.)..........#.#.#.###...#
............o#.#...##..##
#.##.##..#..#.∩.#...3o.##
..........o..#.#........#
...#.$#.##..#.#)#.......#
#.#....##.......@.......#
#... # #..............##
#.## ##.#...#).....##
####.####....# #.. #...##
##. ##.## ## ###


You could see an orc high priest, a neqoxec (summoned) and an orc priest.

Vanquished Creatures
  Gastronok (D:11)
  Harold (D:9)
  A centaur warrior (D:11)
  2 two-headed ogres (D:11)
  A boulder beetle (D:11)
  An orc high priest (Orc:1)
  An orc knight (Bailey)
  A deep elf pyromancer (Bailey)
  2 orc sorcerers
  A gargoyle (D:11)
  Maggie (D:9)
  An unseen horror (D:10)
  A troll (D:9)
  A hornet (D:11)
  20 yaks
  2 wyverns (D:8)
  2 vampires
  3 shadows (D:10)
  Sigmund (D:3)
  A steam dragon (D:8)
  Menkaure (D:7)
  2 acid dragons (D:11)
  3 wargs
  3 water moccasins
  3 sky beasts
  15 orc warriors
  5 ice beasts
  A black bear (D:3)
  6 centaurs
  5 ogres
  4 phantoms
  A kobold brigand (D:9)
  5 bullfrogs
  A troll zombie (D:11)
  9 killer bees
  4 howler monkeys
  2 vampire bats (D:6)
  6 hounds
  4 jellies
  14 orc priests
  3 sleepcaps
  Terence (D:2)
  An iguana (D:7)
  23 orc wizards
  Natasha (twice) (D:4)
  5 ogre zombies (D:11)
  4 gnolls (Orc:1)
  7 adders
  A river rat (D:5)
  3 white imps
  An ufetubus (D:3)
  4 worms
  3 dart slugs
  52 orcs
  5 ball pythons
  10 bats
  3 bat skeletons (D:6)
  3 bat zombies (D:6)
  5 endoplasms
  19 giant cockroaches
  10 goblins
  7 hobgoblins
  15 kobolds
  6 quokkas
  2 frilled lizards (D:3)
  2 goblin skeletons (D:11)
  2 hobgoblin skeletons (D:11)
  A hobgoblin zombie (D:11)
  3 orc skeletons (D:11)
  11 orc zombies (D:11)
  9 rats
362 creatures vanquished.

Vanquished Creatures (collateral kills)
  Natasha (D:4)
1 creature vanquished.

Grand Total: 363 creatures vanquished

Notes
Turn   | Place    | Note
-------+----------+-------------------------------------------
     0 | D:5      | bencef the Felid Delver began the quest for the Orb.
     0 | D:5      | Reached XP level 1. HP: 10/10 MP: 2/2
    63 | D:4      | Noticed a black bear
   177 | D:1      | Reached skill level 7 in Stealth
   183 | D:1      | Reached XP level 2. HP: 12/14 MP: 3/3
   321 | D:1      | Found a faded altar of an unknown god.
   564 | D:1      | Reached XP level 3. HP: 17/17 MP: 4/4
   694 | D:2      | Noticed Terence
   698 | D:2      | Killed Terence
   854 | D:2      | Identified the ring "Jekhoxziej" {rCorr SInv}
   930 | D:2      | Reached XP level 4. HP: 20/21 MP: 5/5
  1077 | D:2      | Reached skill level 8 in Stealth
  1780 | D:3      | Noticed a bullfrog
  1952 | D:3      | Found a glowing silver altar of Zin.
  2345 | D:2      | Killed a bullfrog
  2346 | D:2      | Reached XP level 5. HP: 12/24 MP: 6/6
  2543 | D:3      | Found an ornate altar of the Wu Jian Council.
  2551 | D:3      | Became a worshipper of the Wu Jian Council
  2614 | D:3      | Noticed Sigmund
  2883 | D:3      | Killed Sigmund
  2884 | D:3      | Reached skill level 9 in Stealth
  2884 | D:3      | Gained mutation: You are covered in thick fur. (AC +2)
                  | [Felid growth]
  2884 | D:3      | Reached XP level 6. HP: 15/28 MP: 7/7
  3184 | D:4      | Identified the +22 crystal plate armour of Barnacled Joy
                  | {Rampage Regen+ Str-4}
  3369 | D:3      | Reached skill level 5 in Unarmed Combat
  3411 | D:4      | Noticed Natasha
  3494 | D:4      | Killed Natasha
  3593 | D:4      | Noticed Natasha
  3601 | D:4      | Killed Natasha
  3602 | D:4      | Reached XP level 7. HP: 24/31 MP: 8/8
  3629 | D:4      | Noticed Natasha
  3640 | D:4      | Killed Natasha
  3703 | D:4      | Found an opulent altar of Gozag.
  3821 | D:4      | Found a sparkling altar of Nemelex Xobeh.
  4169 | D:5      | Noticed a yak
  4169 | D:5      | Noticed a yak
  4170 | D:5      | Noticed a yak
  4170 | D:5      | Noticed a yak
  4172 | D:5      | Noticed a yak
  4542 | D:4      | Killed a yak
  4543 | D:4      | Reached skill level 5 in Dodging
  4543 | D:4      | Reached skill level 10 in Stealth
  4578 | D:5      | Reached XP level 8. HP: 35/35 MP: 9/9
  4621 | D:5      | Reached * piety under Wu Jian
  5453 | D:3      | Reached skill level 11 in Stealth
  6126 | D:5      | Found a staircase to the Ecumenical Temple.
  6563 | D:6      | Found a shimmering blue altar of Sif Muna.
  6646 | D:6      | Found a runed translucent door.
  6914 | D:6      | Reached XP level 9. HP: 39/39 MP: 10/10
  7076 | D:6      | Found a blossoming altar of Fedhas.
  7183 | D:6      | Found an ancient bone altar of Kikubaaqudgha.
  7482 | D:6      | Found a burning altar of Makhleb.
  7503 | D:6      | Reached skill level 12 in Stealth
  7508 | D:6      | Reached ** piety under Wu Jian
  7648 | D:6      | Noticed H0rd4k's ghost (novice OpAr)
  8244 | D:7      | Noticed Menkaure
  8252 | D:7      | Killed Menkaure
  9148 | D:8      | Reached skill level 10 in Unarmed Combat
  9157 | D:8      | Reached skill level 13 in Stealth
  9497 | D:8      | Reached XP level 10. HP: 43/43 MP: 11/11
  9512 | D:8      | Found a radiant altar of Vehumet.
 10312 | D:9      | Found a flagged portal.
 10324 | D:9      | Reached *** piety under Wu Jian
 10350 | Bailey   | Entered a bailey
 10439 | Bailey   | Found a large runed translucent door.
 10439 | Bailey   | Found a large runed translucent door.
 10440 | Bailey   | Noticed a deep elf pyromancer
 10475 | Bailey   | Noticed an orc knight
 10485 | Bailey   | Killed an orc knight
 10653 | Bailey   | Reached skill level 14 in Stealth
 10768 | Bailey   | Killed a deep elf pyromancer
 10868 | D:9      | Found a hazy altar of Hepliaklqana.
 10915 | D:9      | Found Tuontige's Jewellery Shop.
 11168 | D:9      | Found a broken altar of Ashenzari.
 11170 | D:9      | Noticed Maggie
 11314 | D:9      | Noticed Harold
 11530 | D:9      | Killed Harold
 11792 | D:9      | Killed Maggie
 11819 | D:9      | Found a sacrificial altar of Ru.
 12010 | D:9      | Reached XP level 11. HP: 46/46 MP: 12/12
 12028 | D:9      | Reached skill level 1 in Evocations
 12101 | D:9      | Identified a scroll of acquirement
 12101 | D:9      | Acquired the amulet "Wetheb" {Spirit Dex+2}
 12142 | D:10     | Entered Level 10 of the Dungeon
 12426 | D:10     | Reached skill level 15 in Stealth
 12674 | D:10     | Found a portal to a secret trove of treasure.
 12727 | D:10     | Found Iriwaygga's Jewellery Shoppe.
 12771 | D:10     | Reached skill level 1 in Hexes
 12929 | D:10     | Reached **** piety under Wu Jian
 13054 | D:10     | Found a white marble altar of Elyvilon.
 13310 | Temple   | Entered the Ecumenical Temple
 13579 | D:11     | Found a staircase to the Lair.
 13583 | D:11     | Noticed an oklob plant
 13624 | D:11     | Found a staircase to the Orcish Mines.
 13684 | D:10     | HP: 1/46 [unseen horror (8)]
 13872 | D:10     | Reached skill level 5 in Fighting
 14029 | D:11     | Noticed a two-headed ogre
 14050 | D:11     | Noticed a two-headed ogre
 14060 | D:11     | Killed a two-headed ogre
 14063 | D:11     | Killed a two-headed ogre
 14283 | D:11     | Noticed Gastronok
 14289 | D:11     | Killed Gastronok
 14447 | D:11     | Reached skill level 16 in Stealth
 14448 | D:11     | Noticed a centaur warrior
 14451 | D:11     | Shot with an arrow by a centaur warrior
 14452 | D:11     | Reached XP level 10. HP: -12/44 MP: 0/11
 14494 | D:11     | Killed a centaur warrior
 14495 | D:11     | Reached XP level 11. HP: 30/48 MP: 7/12
 14707 | D:11     | Reached ***** piety under Wu Jian
 14967 | D:11     | Reached skill level 5 in Hexes
 15030 | D:11     | Noticed a boulder beetle
 15039 | D:11     | Killed a boulder beetle
 15070 | D:11     | Found Juschaw's Antique Armour Shop.
 15202 | Orc:1    | Entered Level 1 of the Orcish Mines
 15237 | Orc:1    | Noticed an orc sorcerer
 15264 | Orc:1    | Killed an orc sorcerer
 15408 | Orc:1    | Noticed an orc high priest
 15411 | Orc:1    | Noticed a sixfirhy
 15412 | Orc:1    | Noticed a soul eater
 15623 | Orc:1    | Killed an orc high priest
 16020 | Orc:2    | Entered Level 2 of the Orcish Mines
 16375 | Orc:2    | Noticed an orc sorcerer
 16385 | Orc:2    | Noticed a sixfirhy
 17020 | Orc:2    | Killed from afar by an orc sorcerer
 17021 | Orc:2    | Reached XP level 10. HP: -35/38 MP: 0/11
 17021 | Orc:2    | Found Zenudany's Jewellery Shop.
 17032 | Orc:2    | Bought a ring of wizardry for 360 gold pieces
 17032 | Orc:2    | Bought the ring "Oriruasil" {AC+4 Stlth+} for 549 gold
                  | pieces
 17044 | Orc:2    | Learned a level 2 spell: Ensorcelled Hibernation
 17071 | Orc:2    | Noticed an orc high priest
 17076 | Orc:2    | HP: 1/44 [orc sorcerer/+0 dagger (3)]
 17077 | Orc:2    | Killed an orc sorcerer
 17078 | Orc:2    | Reached skill level 10 in Dodging
 17095 | Orc:2    | Gained mutation: You are vulnerable to heat. (rF-) [a
                  | neqoxec]
 17096 | Orc:2    | Killed from afar by an orc high priest

Illustrated notes

Levels and vault maps discovered:
D:1:      grunt_arrival_crossed_arrows, layout_rooms, basic_ecumenical_altar,
          minmay_misc_feat_encased
D:2:      minmay_roachtagon, layout_loops_corners, minmay_misc_feat_ornament,
          uniq_terence
D:3:      layout_basic, nzn_wu_jian_council_hall, zin_statuary,
          minmay_fractal_squares_5, uniq_sigmund
D:4:      layout_rooms, nicolae_gozag_cash_rules_everything_around_me,
          nemelex_altar_shiori, enter_ossuary_2, minmay_checkerbox, uniq_natasha
D:5:      kennysheep_six_static_rooms, layout_basic,
          minmay_temple_entry_statues, lightli_sewer_entry_pipes,
          serial_bayou_pond_e, minivault_25
D:6:      corexii_shack_village, layout_loops_corners,
          mainiacjoe_overflow_boulevard, amcnicky_altar_gilded,
          general_overflow_altar, kennysheep_vampire_church,
          ebering_ghost_reflecting_pool
D:7:      layout_basic, uniq_menkaure
D:8:      layout_loops_ring, vehumet_crystals,
          nicolae_concentric_dashed_squares_wild, kennysheep_generic_room_6
D:9:      layout_loops_ring, evilmike_ruin_ashenzari,
          mainiacjoe_overflow_alcove_1, lemuel_round_altar, serial_shops, shop,
          enter_bailey_5, uniq_maggie, uniq_harold
D:10:     layout_roguey, elyvilon_altar_5, serial_shops,
          nicolae_shop_rolling_square, nicolae_trove_entry_crossroad
D:11:     layout_loops_corners, dpeg_oklobed_lair, zombieorc1_lemuel,
          serial_shops, nicolae_shop_tiny_real_fake_doors, nzn_life_drinkers,
          uniq_gastronok
D:12:     layout_big_octagon
Temple:   corrupted_temple
Orc:1:    layout_caves
Orc:2:    st_orc_mages, layout_caves, serial_shops, nicolae_shop_gaudy_bauble

Skill      XL: |  1  2  3  4  5  6  7  8  9 10 11 |
---------------+----------------------------------+-----
Stealth        | 7 8 9 10 11 13 14 16 | 16.8
Dodging        | 3 4 5 6 7 10 9 | 10.0
Unarmed Combat | 3 4 5 6 8 10 12 14 | 14.2
Fighting       | 4 5 |  5.4
Evocations     | 1 |  1.9
Hexes          | 6 |  6.3

Action                     |  1- 3 |  4- 6 |  7- 9 | 10-12 || total
---------------------------+-------+-------+-------+-------++-------
  Melee: Unarmed           |    81 |   145 |   338 |   530 ||  1094
         Bite              |     4 |    21 |    42 |    80 ||   147
         Punch             |       |     4 |    20 |    48 ||    72
 Invoke: Serpent's Lash    |       |       |       |     3 ||     3
         Heavenly Storm    |       |       |       |     1 ||     1
Ability: Lunge             |       |     4 |    45 |    66 ||   115
         Whirlwind         |       |       |    17 |    24 ||    41
         Wall Jump         |       |       |     3 |     5 ||     8
  Evoke: Wand              |       |       |       |    16 ||    16
    Use: Potion            |     1 |     3 |     5 |    10 ||    19
         Scroll            |       |     8 |     8 |    12 ||    28
   Stab: Sleeping          |     9 |     9 |    34 |    57 ||   109
         Distracted        |       |     3 |     3 |     6 ||    12
         Paralysed         |       |       |       |     4 ||     4
 Armour: Skin              |     8 |     3 |     8 |    16 ||    35
  Dodge: Dodged            |    71 |    93 |   216 |   448 ||   828
